 Dungeon Crawl Stone Soup version 0.30-a0-360-g447f08457e (webtiles) character file.

Game seed: 11773987880358772326

14145 Bnni the Impaler (level 11, -5/105 HPs)
             Began as a Minotaur Gladiator on Nov 12, 2022.
             Was an Initiate of Yredelemnul.
             Slain by a warg (6 damage)
             ... on level 12 of the Dungeon on Nov 13, 2022.
             The game lasted 00:27:06 (12637 turns).

Bnni the Impaler (Minotaur Gladiator)              Turns: 12637, Time: 00:27:06

Health: -5/105     AC: 12    Str: 23    XL:     11   Next: 84%
Magic:  14/14      EV:  8    Int:  5    God:    Yredelemnul [......]
Gold:   598        SH:  0    Dex: 24    Spells: 10/10 levels left

rFire   . . .      SeeInvis .    a - +0 glaive
rCold   . . .      Faith    +    (shield currently unavailable)
rNeg    . . .      Spirit   .    b - +0 plate armour
rPois   .          Reflect  .    c - +0 hat
rElec   .          Harm     .    k - +0 cloak
rCorr   .          Rampage  .    s - +0 pair of gloves
Will    .....                    (no boots)
Stlth   ..........               g - amulet of faith
HPRegen 0.37/turn                n - +6 ring of dexterity
MPRegen 0.14/turn                A - +6 ring of dexterity

@: about to teleport
A: horns 2, retaliatory headbutt
a: Renounce Religion, Recall Undead Harvest


You were on level 12 of the Dungeon.
You worshipped Yredelemnul.
Yredelemnul was noncommittal.
You visited 2 branches of the dungeon, and saw 14 of its levels.
You also visited: Sewer and Ossuary.

You collected 598 gold pieces.

Inventory:

Hand Weapons
 a - a +0 glaive (weapon)
 Q - a +4 scimitar of flaming
Missiles
 d - 3 curare-tipped darts (quivered)
 e - 5 javelins
 D - a throwing net
 K - 18 poisoned darts
 M - 3 silver boomerangs
Armour
 b - a +0 plate armour (worn)
 c - a +0 hat (worn)
 k - a +0 cloak (worn)
 s - a +0 pair of gloves (worn)
Jewellery
 g - an amulet of faith (around neck)
 n - a +6 ring of dexterity (left hand)
 A - a +6 ring of dexterity (right hand)
 P - a ring of positive energy
Wands
 N - a wand of roots (7)
 O - a wand of quicksilver (3)
Scrolls
 h - 2 scrolls of brand weapon {unknown}
 i - 4 scrolls of fear {unknown}
 j - 5 scrolls of teleportation
 m - 3 scrolls of amnesia {unknown}
 r - 4 scrolls of blinking {unknown}
 w - 2 scrolls of torment {unknown}
 x - 3 scrolls of immolation
 y - 3 scrolls of poison {unknown}
 B - 2 scrolls of enchant armour {unknown}
 E - a scroll of fog {unknown}
 G - a scroll of magic mapping {unknown}
 J - 2 scrolls of vulnerability {unknown}
Potions
 f - 2 potions of mutation
 l - 4 potions of haste
 o - 4 potions of brilliance
 p - 6 potions of curing
 q - 3 potions of magic
 t - a potion of heal wounds
 v - 6 potions of flight
 z - 2 potions of cancellation
 C - a potion of resistance
 F - 2 potions of attraction
 I - 3 potions of berserk rage {unknown}
 L - 2 potions of lignification {unknown}
Miscellaneous
 u - a lightning rod (4/4)
 H - a condenser vane


   Skills:
 + Level 12.6 Fighting
 * Level 17.6 Polearms
 - Level 2.0 Throwing
 - Level 3.2 Dodging
 + Level 6.6 Invocations


You had 10 spell levels left.
You didn't know any spells.
Your spell library contained the following spells:

 Spells                   Type           Power      Damage    Failure   Level
 Slow                     Hex            0%         N/A       100%        1
 Sting                    Tmut/Pois      0%         1d3       100%        1
 Summon Small Mammal      Summ           0%         N/A       100%        1
 Poisonous Vapours        Pois/Air       0%         N/A       100%        2
 Static Discharge         Conj/Air       0%         2-2/arc   100%        2
 Call Canine Familiar     Summ           0%         N/A       100%        3
 Confusing Touch          Hex            0%         N/A       100%        3
 Gell's Gravitas          Tloc           0%         N/A       100%        3
 Kindle Blastsparks       Fire/Tloc/Air  0%         2d10      100%        3
 Lesser Beckoning         Tloc           0%         N/A       100%        3
 Summon Guardian Golem    Hex/Summ       0%         N/A       100%        3
 Teleport Other           Tloc           0%         N/A       100%        3
 Vampiric Draining        Necr           0%         2d6       100%        3
 Vhi's Electric Charge    Tloc/Air       0%         N/A       100%        3
 Fulminant Prism          Conj/Hex       0%         3d5       100%        4
 Iskenderun's Mystic Bla  Conj/Tloc      0%         2d3       100%        4
 Olgreb's Toxic Radiance  Pois           0%         N/A       100%        4
 Arcjolt                  Conj/Air       0%         1d10      100%        5
 Lee's Rapid Deconstruct  Erth           0%         3d4*      100%        5
 Lightning Bolt           Conj/Air       0%         1d11      100%        5


Dungeon Overview and Level Annotations

Branches:
Dungeon (13/15)            Temple (1/1) D:7            Lair (0/5) D:10
  Sewer (visited)         Ossuary (visited)
    Orc: D:9-12      Vaults: D:13-14

Altars:
Ashenzari
Cheibriados
Dithmenos
Elyvilon
Fedhas
Gozag
Hepliaklqana
Kikubaaqudgha
Makhleb
Nemelex Xobeh
Okawaru
Qazlal
Ru
Sif Muna
Trog
Uskayaw
Vehumet
Wu Jian
Xom
Yredelemnul
Zin
The Shining One

Shops:
D:1 =   D:2 (   D:6 [=((


Innate Abilities, Weirdness & Mutations

You have a pair of horns on your head.
You reflexively headbutt those who attack you in melee.


Message History

Okay, then.
Okay, then.
Unknown command.
Okay, then.
Reach: a) +0 glaive
Press: ? - help, Dir - move target, f/p - orc priest
Aim: an orc priest, wielding a +0 mace and wearing a +0 leather armour (about 28% to evade your +0 glaive)
The human is in the way.
You closely miss the human.
The human is heavily wounded.
The orc priest looks braver for a moment.
The orc hits you but does no damage. The orc barely misses you.
The orc hits you but does no damage. The human hits you but does no damage.
The warg bites you!
* * * LOW HITPOINT WARNING * * *
Reach: a) +0 glaive
Press: ? - help, Dir - move target, f/p - orc priest
Aim: an orc priest, wielding a +0 mace and wearing a +0 leather armour (about 28% to evade your +0 glaive)
The warg is in the way.
You hit the warg but do no damage. Your headbutt misses the warg.
The warg is severely wounded.
The orc hits you but does no damage. x2; The human hits you but does no damage.
The orc priest looks encouraged for a moment.
The warg closely misses you.
Unknown command.
As you read the scroll labelled YJECOB HAELOTH, it crumbles to dust.
The creatures around you are filled with an inner flame!
It was a scroll of immolation.
The orc priest looks braver for a moment.
The orc hits you but does no damage. The orc barely misses you.
The orc hits you from afar with a +0 trident.
* * * LOW HITPOINT WARNING * * *
The human barely misses you.
The orc priest calls down the wrath of Beogh upon you.
Beogh smites you!
* * * LOW HITPOINT WARNING * * *
The orc priest hits you with a +0 war axe!
* * * LOW HITPOINT WARNING * * *
The warg bites you.
You die...
Your body rises from the dead as a mindless zombie.

#.# #.........#.
#####+#.# #.........##
.......# #...).....+.
.####.....###.........##
......................'[
......................##
......##........##+####
.....H##........##.####
....ooo@o..............#
....oopho.##...........#
....ohooo.##...........#
.....o.o...............#
.........$.............#
.......................#
........................
............?..##......#
.........


You could see a manticore (inner flame), a human (inner flame), a warg (inner
flame), an orc warrior (inner flame), a howler monkey (inner flame), 4 orc
priests and 8 orcs.

Vanquished Creatures
  Snorg (D:10)
  A two-headed ogre (D:11)
  Sonja (D:10)
  Urug (D:10)
  An obsidian statue (D:12)
  A cyclops (D:12)
  2 manticores
  A gargoyle (D:10)
  2 kobold demonologists
  An unseen horror (D:11)
  An efreet (D:11)
  A komodo dragon (D:11)
  4 trolls
  2 shadows
  A wraith (D:10)
  A wyvern (D:10)
  5 yaks
  4 vampire mosquitoes (D:10)
  A water moccasin (D:7)
  4 orc warriors
  2 ice beasts
  4 ogres
  3 centaurs
  A kobold brigand (D:11)
  4 bullfrogs
  A necrophage (D:6)
  2 gnoll sergeants
  2 water moccasin zombies (Ossuary)
  5 scorpions
  4 wights (D:7)
  19 killer bees
  12 howler monkeys
  An electric eel (D:9)
  3 jellies
  3 gnoll boudas
  3 orc priests
  6 iguanas
  11 orc wizards
  2 mummies (Ossuary)
  20 gnolls
  14 adders
  4 river rats (Sewer)
  2 shadow imps (D:5)
  4 white imps
  8 adder zombies (Ossuary)
  2 worms
  2 dart slugs
  25 orcs
  13 ball pythons
  7 endoplasms
  4 giant cockroaches
  2 goblins
  2 hobgoblins
  7 jackals
  5 quokkas
  19 bats
  4 frilled lizards
  2 gnoll zombies (Ossuary)
  4 hobgoblin zombies (Ossuary)
  9 kobolds
  8 kobold zombies (Ossuary)
  2 orc zombies (Ossuary)
  6 rats
299 creatures vanquished.

Vanquished Creatures (collateral kills)
  A shadow (D:9)
  2 yaks (D:8)
  2 acid dragons
  3 killer bees
  An electric eel (D:9)
  2 howler monkeys (D:8)
  An orc priest (D:10)
  An orc wizard (D:10)
  A killer bee zombie (D:9)
  2 gnolls (D:8)
  An orc zombie (D:8)
  5 orcs
  A plant (D:9)
23 creatures vanquished.

Vanquished Creatures (others)
  A manticore zombie (D:11)
  A vampire mosquito zombie (D:10)
  4 yak zombies
  8 killer bee zombies
  An acid dragon zombie (D:11)
  A spectral electric eel (D:9)
  6 howler monkey zombies
  7 gnoll zombies
  A kobold zombie (D:11)
  6 orc zombies
  86 plants (D:9)
122 creatures vanquished.

Grand Total: 444 creatures vanquished

Notes
Turn   | Place    | Note
-------+----------+-------------------------------------------
     0 | D:1      | Bnni the Minotaur Gladiator began the quest for the Orb.
     0 | D:1      | Reached XP level 1. HP: 18/18 MP: 0/0
    88 | D:1      | Found Mutowk's Jewellery Emporium.
   170 | D:1      | Reached skill level 4 in Polearms
   341 | D:1      | Reached XP level 2. HP: 25/25 MP: 1/1
  1236 | D:2      | Reached XP level 3. HP: 31/31 MP: 2/2
  1397 | D:2      | Found an iron altar of Okawaru.
  1540 | D:2      | Found Xeno's Antique Weapon Shoppe.
  1755 | D:2      | Reached skill level 5 in Polearms
  2046 | D:3      | Reached XP level 4. HP: 38/38 MP: 3/3
  2177 | D:3      | Found a stormy altar of Qazlal.
  2355 | D:3      | Reached skill level 6 in Polearms
  2596 | D:3      | Found a glowing golden altar of the Shining One.
  2848 | D:4      | Reached XP level 5. HP: 34/46 MP: 4/4
  2941 | D:4      | Found a glowing drain.
  2974 | D:4      | Reached skill level 7 in Polearms
  2974 | D:4      | Reached XP level 6. HP: 38/55 MP: 5/5
  3020 | Sewer    | Entered a sewer
  3203 | Sewer    | Reached skill level 5 in Fighting
  3805 | D:4      | Reached skill level 8 in Polearms
  4223 | D:5      | Entered Level 5 of the Dungeon
  4239 | D:5      | Reached XP level 7. HP: 62/62 MP: 6/6
  4478 | D:5      | Found a blossoming altar of Fedhas.
  4508 | D:5      | Reached skill level 9 in Polearms
  5073 | D:6      | Reached XP level 8. HP: 64/71 MP: 7/7
  5130 | D:6      | Found Jinuf's Armour Boutique.
  5165 | D:6      | Reached skill level 10 in Polearms
  5200 | D:6      | Found Dofroeru's Jewellery Shop.
  5202 | D:6      | Found Capn's Weapon Emporium.
  5202 | D:6      | Found Ciumuo's Weapon Shoppe.
  5487 | D:6      | Reached skill level 11 in Polearms
  6122 | D:7      | Reached skill level 12 in Polearms
  6122 | D:7      | Reached XP level 9. HP: 82/82 MP: 8/8
  6808 | D:7      | Reached skill level 13 in Polearms
  6992 | D:7      | Upgraded the game from 0.30-a0-359-gd0147acb1a to
                  | 0.30-a0-360-g447f08457e
  7091 | D:7      | Found a staircase to the Ecumenical Temple.
  7097 | Temple   | Entered the Ecumenical Temple
  7111 | Temple   | Became a worshipper of Yredelemnul the Dark
  7209 | D:8      | Found a sand-covered staircase.
  7214 | Ossuary  | Entered an ossuary
  7433 | D:8      | Reached * piety under Yredelemnul
  7447 | D:8      | Reached ** piety under Yredelemnul
  7450 | D:8      | Reached skill level 10 in Fighting
  7450 | D:8      | Reached skill level 14 in Polearms
  7452 | D:8      | Reached *** piety under Yredelemnul
  7573 | D:8      | Reached skill level 1 in Invocations
  7586 | D:8      | HP: 2/85 [orc priest/divine providence (12)]
  7841 | D:8      | Reached XP level 10. HP: 82/93 MP: 9/9
  8196 | D:8      | Found an ornate altar of the Wu Jian Council.
  8602 | D:9      | Found a shimmering altar of Xom.
  8875 | D:9      | Reached **** piety under Yredelemnul
  8916 | D:9      | Reached ***** piety under Yredelemnul
  9026 | D:9      | Reached skill level 15 in Polearms
  9331 | D:10     | Entered Level 10 of the Dungeon
  9489 | D:10     | Noticed a gargoyle
  9506 | D:10     | Killed a gargoyle
  9749 | D:10     | Noticed Sonja
  9750 | D:10     | Paralysed by Sonja for 3 turns
  9764 | D:10     | Killed Sonja
 10114 | D:10     | Noticed Urug
 10122 | D:10     | Reached XP level 11. HP: 59/102 MP: 13/13
 10131 | D:10     | Killed Urug
 10132 | D:10     | Reached skill level 16 in Polearms
 10306 | D:10     | Found a staircase to the Lair.
 10442 | D:10     | Reached skill level 5 in Invocations
 10648 | D:10     | Noticed Snorg
 10654 | D:10     | Killed Snorg
 10709 | D:10     | Found an opulent altar of Gozag.
 10716 | D:10     | Found a broken altar of Ashenzari.
 10722 | D:10     | Found a hazy altar of Hepliaklqana.
 10733 | D:10     | Found a bloodstained altar of Trog.
 10740 | D:10     | Found a sparkling altar of Nemelex Xobeh.
 10745 | D:10     | Found a shadowy altar of Dithmenos.
 10753 | D:10     | Found a white marble altar of Elyvilon.
 10847 | D:10     | Found a hide-covered altar of Uskayaw.
 11455 | D:11     | Noticed a two-headed ogre
 11461 | D:11     | Killed a two-headed ogre
 11462 | D:11     | Reached skill level 17 in Polearms
 12025 | D:11     | You fall into a shaft and drop 2 floors!
 12063 | D:12     | Noticed an obsidian statue
 12075 | D:12     | Killed an obsidian statue
 12082 | D:12     | Identified the +2 ring mail of Fallacy {Int+2}
 12637 | D:12     | HP: 1/105 [orc priest/+0 war axe (7)]
 12637 | D:12     | Slain by a warg

Illustrated notes

Levels and vault maps discovered:
D:1:      ncdulo_watergridlock, layout_basic, serial_shops, shop, chequers_jeans
D:2:      layout_basic, serial_shops, nicolae_shop_statue_plus, basic_altar,
          minmay_increasing_density
D:3:      layout_loops_cross, mainiacjoe_overflow_surrounded_room,
          nicolae_tso_swordbearing_angel
D:4:      layout_rooms, gup_sewer_entry_glass, corexii_hall_statues_deadend
D:5:      layout_basic, fedhas_altar_1, kennysheep_decorative_pillar,
          nicolae_fountain_basement
D:6:      layout_loops_ring, minivault_4, nicolae_wooded_promenade,
          minivault_26, hangedman_minor_gate_pass
D:7:      layout_loops_corners, minmay_temple_entry_enclosed_plants
D:8:      nicolae_cairo_tiling_large_dashed, layout_basic, kennysheep_mini,
          lightli_ossuary_entry_decrepit_ruins
D:9:      layout_basic, mainiacjoe_overflow_alcove_4, serial_bayou,
          serial_bayou_pond_c, serial_bayou_pond_d, serial_bayou_ford_a,
          serial_bayou_lagoon_a, st_stairs_12
D:10:     layout_irregular_city, nicolae_uskayaw_dance_hall,
          grunt_temple_overflow_octagram, lair_entry_dummy,
          hangedman_decor_lopped, uniq_sonja, uniq_urug, uniq_snorg
D:11:     layout_rooms
D:12:     layout_basic, erik_orc_4, minivault_15
D:13:     layout_basic, serial_shops, shop
Temple:   hellmonk_temple_rainy

Skill      XL: |  1  2  3  4  5  6  7  8  9 10 11 |
---------------+----------------------------------+-----
Polearms       | 4 5 6 7 8 9 12 14 15 17 | 17.6
Fighting       | 3 4 5 6 8 10 11 12 | 12.6
Invocations    | 1 4 6 |  6.6
Throwing       | |  2.0
Dodging        | |  3.2

Action                   |  1- 3 |  4- 6 |  7- 9 | 10-12 || total
-------------------------+-------+-------+-------+-------++-------
Melee: Trident           |    89 |   208 |   418 |     6 ||   721
       Headbutt          |     8 |    23 |    74 |    32 ||   137
       Punch             |     1 |       |     8 |       ||     9
       Glaive            |       |       |       |   210 ||   210
       Halberd           |       |       |       |    40 ||    40
Throw: Throwing net      |       |       |     1 |     3 ||     4
       Dart              |       |       |       |     1 ||     1
Invok: Recall Undead Har |       |       |       |     3 ||     3
       Dark Bargain      |       |       |       |     4 ||     4
  Use: Scroll            |       |     4 |     1 |     7 ||    12
       Potion            |       |       |     1 |     8 ||     9
 Stab: Distracted        |       |       |       |     6 ||     6
       Invisible         |       |       |       |     1 ||     1
Armor: Leather armour    |    13 |       |       |       ||    13
       Plate armour      |    12 |   107 |   105 |   144 ||   368
Dodge: Dodged            |    27 |    60 |    80 |    96 ||   263

Table legend: (Time is in decaauts)
 A = Elapsed time spent in this place.
 B = Non-inter-level travel time spent in this place.
 C = Inter-level travel time spent in this place.
 D = Time resting spent in this place.
 E = Time spent auto-exploring this place.
 F = Levels seen in this place.
 G = Mean time per level.
                   A        B        C        D        E       F      G
               +--------+--------+--------+--------+--------+-----+--------+
         Total |  12666 |  12455 |    211 |    991 |   9566 |  16 |  791.6 |
       Dungeon |  11558 |  11360 |    198 |    991 |   8712 |  13 |  889.1 |
        Temple |     28 |     15 |     13 |      0 |      3 |   1 |   28.0 |
         Sewer |    914 |    914 |      0 |      0 |    751 |   1 |  914.0 |
       Ossuary |    164 |    164 |      0 |      0 |    100 |   1 |  164.0 |
               +--------+--------+--------+--------+--------+-----+--------+

Top non-repeatable levels by time:
    D:10: 1734 daAuts
     D:7: 1258 daAuts
     D:6: 1169 daAuts
    D:11: 1097 daAuts
     D:2: 1061 daAuts
     D:9: 1035 daAuts
     D:1: 987 daAuts
   Sewer: 914 daAuts
     D:3: 799 daAuts
     D:5: 669 daAuts
     D:8: 653 daAuts
     D:4: 628 daAuts
    D:12: 442 daAuts
 Ossuary: 164 daAuts
  Temple: 28 daAuts
